Lightning vs Capitals (R1)

Created - April 8, 2020 at 19:43

Goals
1 2 3 T
Lightning 1 0 1 2
Capitals 0 2 2 4
Shots
1 2 3 T
Lightning 9 19 7 35
Capitals 10 8 11 29

1st period

1. Lightning , Daniel Carcillo 14 (Patrick Kaleta 19) at 7:55 (PP)

Penalties :
Ondrej Palat (Was) for Hooking (Minor) at 1:10, Brian McGrattan (Was) for Hooking (Minor) at 7:03, Ben Lovejoy (TB.) for Tripping (Minor) at 10:44

2nd period

2. Capitals , Ryan Getzlaf 16 (Patrick Sharp 22) at 10:55
3. Capitals , Mikko Koivu 12 (T.J. Oshie 11, Peter Worrell 12) at 11:45

Penalties :
No Penalty

3rd period

4. Capitals , Brent Burns 7 (Thomas Vanek 15, Joe Thornton 43) at 0:24 (PP)
5. Capitals , Thomas Vanek 22 (Joe Thornton 44) at 16:57
6. Lightning , Kris Versteeg 26 (Henrik Zetterberg 40, Alex Goligoski 26) at 17:11

Penalties :
Joni Pitkanen (TB.) for Hooking (Minor) at 0:17, Jaden Schwartz (TB.) for Tripping (Minor) at 8:48

Goalie Stats

Philipp Grubauer (TB.), 25 saves from 29 shots - (0.862), L, 30-18-5, 60:00 minutes
Tuukka Rask (Was), 33 saves from 35 shots - (0.943), W, 21-16-5, 60:00 minutes

Players Stats for Lightning

Player Name              G  A  P  +/- PIM S  H  SB GA TA FO     MP     PP MP  PK MP  
------------------------------------------------------------------------------------
Alex Goligoski           0  1  1   0  0   5  2  3  1  1  0/0    27:51   1:53   2:21 
Ben Lovejoy              0  0  0  -1  2   2  4  0  0  1  0/0    18:39   0:58   0:49 
Brendan Bell             0  0  0  -1  0   1  3  2  0  0  0/0    12:41   0:00   0:49 
Daniel Carcillo          1  0  1  -1  0   3  1  0  0  0  0/1    17:54   0:57   1:42 
Darren Helm              0  0  0   0  0   0  0  0  0  0  0/0     6:12   0:00   0:05 
Henrik Zetterberg        0  1  1   0  0   4  1  1  0  0  1/1    22:52   1:45   2:18 
Jaden Schwartz           0  0  0  -1  2   1  2  1  0  0  0/1    13:38   0:00   0:21 
Jean-Gabriel Pageau      0  0  0  -1  0   1  0  0  0  0  6/15   17:10   0:57   0:34 
Jon Merrill              0  0  0  -1  0   1  0  0  0  0  0/0    12:34   0:00   0:00 
Joni Pitkanen            0  0  0   0  2   1  3  2  1  0  0/0    24:41   1:53   2:14 
Justin Schultz           0  0  0  -1  0   0  1  1  0  1  0/0    19:09   0:58   1:44 
Kris Versteeg            1  0  1   0  0   5  4  0  1  0  6/11   26:26   1:45   2:19 
Mark Scheifele           0  0  0  -1  0   3  0  0  0  0  3/7    13:36   0:09   0:00 
Patrick Kaleta           0  1  1  -1  0   3  2  0  1  1  0/0    16:17   0:57   0:00 
Rasmus Ristolainen       0  0  0   0  0   0  0  0  0  0  0/0     4:40   0:00   0:13 
Reilly Smith             0  0  0  -1  0   0  3  0  0  0  0/0    14:03   0:09   0:00 
Scottie Upshall          0  0  0   0  0   0  0  1  0  0  0/0     6:02   0:09   0:00 
Tyler Johnson            0  0  0   0  0   5  0  1  0  1  12/25  21:27   1:45   0:51 

Players Stats for Capitals

Player Name              G  A  P  +/- PIM S  H  SB GA TA FO     MP     PP MP  PK MP  
------------------------------------------------------------------------------------
Brent Burns              1  0  1   0  0   3  0  0  2  0  0/0    27:29   2:27   1:35 
Brian McGrattan          0  0  0   1  2   0  3  0  0  0  0/1    17:19   1:49   0:00 
Dan Hamhuis              0  0  0   1  0   0  2  2  0  0  0/0    20:16   1:38   1:16 
Jeff Skinner             0  0  0   0  0   1  1  0  0  0  0/5     6:41   0:00   0:00 
Joe Pavelski             0  0  0   0  0   2  2  0  0  0  3/3    22:59   2:16   1:32 
Joe Thornton             0  2  2   0  0   5  1  0  0  1  19/34  22:46   2:16   1:32 
Josh Manson              0  0  0   1  0   0  0  1  0  0  0/0     5:16   0:00   0:00 
Mikko Koivu              1  0  1   1  0   4  1  0  0  0  5/6    13:37   0:00   0:00 
Ondrej Palat             0  0  0   0  2   0  0  0  0  0  0/0     6:13   0:00   0:00 
Patrick Sharp            0  1  1   1  0   1  1  0  0  0  0/0    17:52   1:49   0:52 
Pernell Karl Subban      0  0  0  -1  0   2  3  2  1  2  0/0    26:34   2:27   1:35 
Peter Worrell            0  1  1   1  0   0  1  0  0  0  1/1    12:55   0:00   0:27 
Roman Josi               0  0  0   1  0   1  0  1  0  0  0/0    12:15   0:00   0:00 
Ryan Getzlaf             1  0  1   1  0   4  1  3  0  1  4/9    17:00   1:49   0:00 
Ryan Suter               0  0  0   1  0   0  0  0  0  0  0/0    12:15   0:00   0:00 
T.J. Oshie               0  1  1   1  0   1  2  0  1  0  0/0    13:18   0:00   0:27 
Thomas Vanek             1  1  2   0  0   4  0  0  1  0  1/2    22:06   2:16   0:52 
Torey Krug               0  0  0   1  0   1  0  3  0  0  0/0    20:16   1:38   1:16 

3 Stars

1 - Ryan Getzlaf (Was)
2 - Tuukka Rask (Was)
3 - Thomas Vanek (Was)

Power Play

Lightning - 1 on 2 Attempt(s) - 50.00%
Capitals - 1 on 3 Attempt(s) - 33.33%

Penalty Kill

Lightning - 2 on 3 Attempt(s) - 66.67% - Score 0 goal in Penalty Kill
Capitals - 1 on 2 Attempt(s) - 50.00% - Score 0 goal in Penalty Kill

Team Stat

Lightning - Hits : 26 - Faceoff Wins : 28 - Blocked Shots : 12 - Penalty Minutes : 6
Capitals - Hits : 18 - Faceoff Wins : 33 - Blocked Shots : 12 - Penalty Minutes : 4

Official

Referees : Unknown
Linesman : Unknown

Game Notes

11:45 of 2nd period - Capitals goal is going for a video replay. After video review, Goal.

Finance

Level 1 -- Attendance: 5821 (97.02%) -- Ticket Income $593,742
Level 2 -- Attendance: 5000 (100.00%) -- Ticket Income $260,000
Level 3 -- Attendance: 2000 (100.00%) -- Ticket Income $84,000
Level 4 -- Attendance: 3715 (92.88%) -- Ticket Income $96,590
Luxury Box -- Attendance: 826 (82.60%) -- Ticket Income $159,418
Game was played at the Verizon Center.
Total Attendance: 17362 (96.46%)
Total Ticket Income: $1,193,750
Other Income: $179,062
Total Income: $1,372,812

Lightning

5 vs 5 Forward 
   Center                   Left Wing                Right Wing               Time % Phy DF OF 
 1 Tyler Johnson            Henrik Zetterberg        Kris Versteeg            40     1   2  2  
 2 Jean-Gabriel Pageau      Daniel Carcillo          Patrick Kaleta           30     1   2  2  
 3 Mark Scheifele           Jaden Schwartz           Reilly Smith             20     1   2  2  
 4 Kris Versteeg            Darren Helm              Scottie Upshall          10     1   2  2  

5 vs 5 Defense 
   Defense                  Defense                                           Time % Phy DF OF 
 1 Alex Goligoski           Joni Pitkanen                                     40     1   2  2  
 2 Ben Lovejoy              Justin Schultz                                    30     1   2  2  
 3 Jon Merrill              Brendan Bell                                      20     1   2  2  
 4 Rasmus Ristolainen       Alex Goligoski                                    10     1   2  2  

PowerPlay Forward 
   Center                   Left Wing                Right Wing               Time % Phy DF OF 
 1 Tyler Johnson            Henrik Zetterberg        Kris Versteeg            60     1   2  2  
 2 Jean-Gabriel Pageau      Daniel Carcillo          Patrick Kaleta           40     1   2  2  

PowerPlay Defense
   Defense                  Defense                                           Time % Phy DF OF 
 1 Alex Goligoski           Joni Pitkanen                                     60     1   2  2  
 2 Ben Lovejoy              Justin Schultz                                    40     1   2  2  

Penalty Kill 4 Players Forward 
   Center                   Wing                     Time % Phy DF OF 
 1 Kris Versteeg            Henrik Zetterberg        60     1   2  2  
 2 Tyler Johnson            Daniel Carcillo          40     1   2  2  

Penalty Kill 4 Players Defense
   Defense                  Defense                  Time % Phy DF OF 
 1 Alex Goligoski           Joni Pitkanen            60     1   2  2  
 2 Ben Lovejoy              Justin Schultz           40     1   2  2  

Penalty Kill - 3 Players Forward 
   Forward                                           Time % Phy DF OF 
 1 Kris Versteeg                                     60     1   2  2  
 2 Henrik Zetterberg                                 40     1   2  2  

Penalty Kill - 3 Players Defense
   Defense                  Defense                  Time % Phy DF OF 
 1 Alex Goligoski           Joni Pitkanen            60     1   2  2  
 2 Ben Lovejoy              Justin Schultz           40     1   2  2  

4 vs 4 Forward 
   Center                   Wing                     Time % Phy DF OF 
 1 Kris Versteeg            Henrik Zetterberg        60     1   2  2  
 2 Tyler Johnson            Daniel Carcillo          40     1   2  2  

4 vs 4 Defense
   Defense                  Defense                  Time % Phy DF OF 
 1 Alex Goligoski           Joni Pitkanen            60     1   2  2  
 2 Ben Lovejoy              Justin Schultz           40     1   2  2  

Last Minutes Offensive
   Center                   Left Wing                Right Wing               Defense                  Defense                  
   Tyler Johnson            Henrik Zetterberg        Kris Versteeg            Alex Goligoski           Joni Pitkanen            

Last Minutes Defensive
   Center                   Left Wing                Right Wing               Defense                  Defense                  
   Tyler Johnson            Henrik Zetterberg        Kris Versteeg            Alex Goligoski           Joni Pitkanen            

Goaltenders
Starting : Philipp Grubauer         
Backup : Jhonas Enroth            

Extra Forwards
Normal : Mark Scheifele, Reilly Smith, Jaden Schwartz - PP : Mark Scheifele, Reilly Smith - PK : Jaden Schwartz
Extra Defensemen
Normal : Jon Merrill, Brendan Bell, Rasmus Ristolainen - PP : Jon Merrill - PK : Brendan Bell, Rasmus Ristolainen
Penalty Shots
Kris Versteeg, Henrik Zetterberg, Tyler Johnson, Daniel Carcillo, Jean-Gabriel Pageau

Scratches
Jesper Fast (Healthy), Mikael Backlund (Healthy)

Capitals

5 vs 5 Forward 
   Center                   Left Wing                Right Wing               Time % Phy DF OF 
 1 Joe Thornton             Thomas Vanek             Joe Pavelski             40     1   2  2  
 2 Ryan Getzlaf             Patrick Sharp            Brian McGrattan          30     1   2  2  
 3 Mikko Koivu              Peter Worrell            T.J. Oshie               20     1   2  2  
 4 Jeff Skinner             Ondrej Palat             Pernell Karl Subban      10     1   2  2  

5 vs 5 Defense 
   Defense                  Defense                                           Time % Phy DF OF 
 1 Brent Burns              Pernell Karl Subban                               40     1   2  2  
 2 Torey Krug               Dan Hamhuis                                       30     1   2  2  
 3 Ryan Suter               Roman Josi                                        20     1   2  2  
 4 Josh Manson              Brent Burns                                       10     1   2  2  

PowerPlay Forward 
   Center                   Left Wing                Right Wing               Time % Phy DF OF 
 1 Joe Thornton             Thomas Vanek             Joe Pavelski             60     1   2  2  
 2 Ryan Getzlaf             Patrick Sharp            Brian McGrattan          40     1   2  2  

PowerPlay Defense
   Defense                  Defense                                           Time % Phy DF OF 
 1 Brent Burns              Pernell Karl Subban                               60     1   2  2  
 2 Torey Krug               Dan Hamhuis                                       40     1   2  2  

Penalty Kill 4 Players Forward 
   Center                   Wing                     Time % Phy DF OF 
 1 Joe Thornton             Joe Pavelski             60     1   2  2  
 2 Thomas Vanek             Patrick Sharp            40     1   2  2  

Penalty Kill 4 Players Defense
   Defense                  Defense                  Time % Phy DF OF 
 1 Brent Burns              Pernell Karl Subban      60     1   2  2  
 2 Torey Krug               Dan Hamhuis              40     1   2  2  

Penalty Kill - 3 Players Forward 
   Forward                                           Time % Phy DF OF 
 1 Joe Thornton                                      60     1   2  2  
 2 Joe Pavelski                                      40     1   2  2  

Penalty Kill - 3 Players Defense
   Defense                  Defense                  Time % Phy DF OF 
 1 Brent Burns              Pernell Karl Subban      60     1   2  2  
 2 Torey Krug               Dan Hamhuis              40     1   2  2  

4 vs 4 Forward 
   Center                   Wing                     Time % Phy DF OF 
 1 Joe Thornton             Joe Pavelski             60     1   2  2  
 2 Thomas Vanek             Patrick Sharp            40     1   2  2  

4 vs 4 Defense
   Defense                  Defense                  Time % Phy DF OF 
 1 Brent Burns              Pernell Karl Subban      60     1   2  2  
 2 Torey Krug               Dan Hamhuis              40     1   2  2  

Last Minutes Offensive
   Center                   Left Wing                Right Wing               Defense                  Defense                  
   Joe Thornton             Thomas Vanek             Joe Pavelski             Brent Burns              Pernell Karl Subban      

Last Minutes Defensive
   Center                   Left Wing                Right Wing               Defense                  Defense                  
   Joe Thornton             Thomas Vanek             Joe Pavelski             Brent Burns              Pernell Karl Subban      

Goaltenders
Starting : Tuukka Rask              
Backup : Mike Smith               

Extra Forwards
Normal : Jeff Skinner, Mikko Koivu, T.J. Oshie - PP : Jeff Skinner, Mikko Koivu - PK : T.J. Oshie
Extra Defensemen
Normal : Ryan Suter, Roman Josi, Josh Manson - PP : Ryan Suter - PK : Roman Josi, Josh Manson
Penalty Shots
Joe Thornton, Joe Pavelski, Thomas Vanek, Patrick Sharp, Ryan Getzlaf

Scratches
Ryan Nugent-Hopkins (Healthy), Jason Pominville (Healthy)

% Time on Ice - Lightning

Lines # - Real PCT - Wanted PCT - Time Play
Normal Forward
1 - 38% - 40% - 19:54
2 - 29% - 30% - 15:15
3 - 23% - 20% - 12:12
4 - 11% - 10% - 5:43
Normal Defense
1 - 39% - 40% - 20:35
2 - 31% - 30% - 16:27
3 - 22% - 20% - 11:52
4 - 8% - 10% - 4:10
PP Forward
1 - 67% - 60% - 1:54
2 - 33% - 40% - 0:57
PP Defense
1 - 66% - 60% - 1:53
2 - 34% - 40% - 0:58
PK Forward
1 - 79% - 60% - 3:14
2 - 21% - 40% - 0:51
PK Defense
1 - 58% - 60% - 2:21
2 - 42% - 40% - 1:44
PK3 Forward
1 - 0% - 60%
2 - 0% - 40%
PK3 Defense
1 - 0% - 60%
2 - 0% - 40%
44 Forward
1 - 0% - 60%
2 - 0% - 40%
44 Defense
1 - 0% - 60%
2 - 0% - 40%
Last Minute Offensive  - 0:00
Last Minute Defensive  - 0:00
Total
Forward - 60:00
Defense - 60:00

% Time on Ice - Capitals

Lines # - Real PCT - Wanted PCT - Time Play
Normal Forward
1 - 37% - 40% - 19:46
2 - 29% - 30% - 15:11
3 - 23% - 20% - 12:15
4 - 11% - 10% - 5:52
Normal Defense
1 - 34% - 40% - 18:11
2 - 33% - 30% - 17:22
3 - 23% - 20% - 12:15
4 - 10% - 10% - 5:16
PP Forward
1 - 56% - 60% - 2:16
2 - 44% - 40% - 1:49
PP Defense
1 - 60% - 60% - 2:27
2 - 40% - 40% - 1:38
PK Forward
1 - 70% - 60% - 1:59
2 - 30% - 40% - 0:52
PK Defense
1 - 56% - 60% - 1:35
2 - 44% - 40% - 1:16
PK3 Forward
1 - 0% - 60%
2 - 0% - 40%
PK3 Defense
1 - 0% - 60%
2 - 0% - 40%
44 Forward
1 - 0% - 60%
2 - 0% - 40%
44 Defense
1 - 0% - 60%
2 - 0% - 40%
Last Minute Offensive  - 0:00
Last Minute Defensive  - 0:00
Total
Forward - 60:00
Defense - 60:00

Play-by-Play

1st period


0:01 of 1st period - Joe Thornton wins face-off versus Tyler Johnson in neutral zone.
0:03 of 1st period - Off-side.
0:04 of 1st period - Joe Thornton wins face-off versus Tyler Johnson in neutral zone.
0:29 of 1st period - Slapshot by Alex Goligoski.
0:29 of 1st period - Stopped by Tuukka Rask with a rebound.
0:31 of 1st period - Slapshot by Jean-Gabriel Pageau.
0:31 of 1st period - Stopped by Tuukka Rask with a rebound.
0:33 of 1st period - Slapshot by Alex Goligoski.
0:33 of 1st period - Shot Misses the Net.
0:37 of 1st period - Wrist shot by Patrick Kaleta.
0:37 of 1st period - Shot Blocked by Ryan Getzlaf.
0:48 of 1st period - Off-side.
0:49 of 1st period - Mikko Koivu wins face-off versus Mark Scheifele in neutral zone.
0:49 of 1st period - Mikko Koivu is hit by Ben Lovejoy.
1:01 of 1st period - Wrist shot by Mark Scheifele.
1:01 of 1st period - Stopped by Tuukka Rask without a rebound.
1:02 of 1st period - Kris Versteeg wins face-off versus Jeff Skinner in Capitals zone.
1:10 of 1st period - Minor Penalty to Ondrej Palat for Hooking.
1:11 of 1st period - Joe Thornton wins face-off versus Kris Versteeg in Capitals zone.
1:19 of 1st period - Pernell Karl Subban is hit by Kris Versteeg and loses puck.
1:36 of 1st period - Snap shot by Patrick Sharp.
1:36 of 1st period - Shot Blocked by Alex Goligoski.
3:09 of 1st period - Brent Burns is hit by Ben Lovejoy and loses puck.
3:10 of 1st period - Penalty to Ondrej Palat is over, Ondrej Palat is back on ice.
3:36 of 1st period - Wrist shot by Ryan Getzlaf.
3:36 of 1st period - Stopped by Philipp Grubauer with a rebound.
4:22 of 1st period - Ben Lovejoy is hit by Peter Worrell and loses puck.
4:48 of 1st period - Off-side.
4:49 of 1st period - Jean-Gabriel Pageau wins face-off versus Jeff Skinner in neutral zone.
4:58 of 1st period - Snap shot by Jeff Skinner.
4:58 of 1st period - Shot Misses the Net.
5:56 of 1st period - Brent Burns is hit by Justin Schultz and loses puck.
6:04 of 1st period - Icing by Brent Burns.
6:05 of 1st period - Mikko Koivu wins face-off versus Mark Scheifele in Capitals zone.
6:12 of 1st period - Snap shot by Joe Pavelski.
6:12 of 1st period - Shot Blocked by Joni Pitkanen.
6:17 of 1st period - Off-side.
6:18 of 1st period - Joe Thornton wins face-off versus Jean-Gabriel Pageau in neutral zone.
6:21 of 1st period - Snap shot by Joe Pavelski.
6:21 of 1st period - Shot Misses the Net.
6:23 of 1st period - Slapshot by Pernell Karl Subban.
6:23 of 1st period - Stopped by Philipp Grubauer with a rebound.
6:25 of 1st period - Snap shot by Joe Thornton.
6:25 of 1st period - Stopped by Philipp Grubauer without a rebound.
6:26 of 1st period - Joe Pavelski wins face-off versus Jean-Gabriel Pageau in Lightning zone.
7:01 of 1st period - Wrist shot by Tyler Johnson.
7:01 of 1st period - Stopped by Tuukka Rask with a rebound.
7:03 of 1st period - Minor Penalty to Brian McGrattan for Hooking.
7:04 of 1st period - Tyler Johnson wins face-off versus Joe Thornton in Capitals zone.
7:07 of 1st period - Wrist shot by Kris Versteeg.
7:07 of 1st period - Shot Misses the Net.
7:47 of 1st period - Snap shot by Henrik Zetterberg.
7:47 of 1st period - Stopped by Tuukka Rask without a rebound.
7:48 of 1st period - Joe Thornton wins face-off versus Jean-Gabriel Pageau in Capitals zone.
7:55 of 1st period - Wrist shot by Daniel Carcillo.
7:55 of 1st period - Goal by Daniel Carcillo - Lightning : 1 - Capitals : 0.
7:56 of 1st period - Tyler Johnson wins face-off versus Joe Thornton in neutral zone.
8:07 of 1st period - Backhand shot by Joe Pavelski.
8:07 of 1st period - Shot Blocked by Henrik Zetterberg.
8:11 of 1st period - Wrist shot by Joe Pavelski.
8:11 of 1st period - Stopped by Philipp Grubauer with a rebound.
8:44 of 1st period - Brent Burns is hit by Jaden Schwartz and loses puck.
9:45 of 1st period - Snap shot by Jean-Gabriel Pageau.
9:45 of 1st period - Shot Misses the Net.
9:47 of 1st period - Snap shot by Daniel Carcillo.
9:47 of 1st period - Stopped by Tuukka Rask with a rebound.
9:49 of 1st period - Snap shot by Patrick Kaleta.
9:49 of 1st period - Shot Misses the Net.
9:59 of 1st period - Jaden Schwartz is hit by Joe Pavelski and loses puck.
10:20 of 1st period - Wrist shot by Henrik Zetterberg.
10:20 of 1st period - Shot Blocked by Pernell Karl Subban.
10:23 of 1st period - Icing by Pernell Karl Subban.
10:24 of 1st period - Tyler Johnson wins face-off versus Jeff Skinner in Capitals zone.
10:27 of 1st period - Slapshot by Henrik Zetterberg.
10:27 of 1st period - Stopped by Tuukka Rask with a rebound.
10:44 of 1st period - Minor Penalty to Ben Lovejoy for Tripping.
10:45 of 1st period - Joe Thornton wins face-off versus Kris Versteeg in Lightning zone.
11:01 of 1st period - Snap shot by Joe Pavelski.
11:01 of 1st period - Stopped by Philipp Grubauer with a rebound.
11:12 of 1st period - Icing by Patrick Sharp.
11:13 of 1st period - Ryan Getzlaf wins face-off versus Kris Versteeg in Capitals zone.
12:07 of 1st period - Joe Thornton is hit by Joni Pitkanen and loses puck.
12:44 of 1st period - Penalty to Ben Lovejoy is over, Ben Lovejoy is back on ice.
13:00 of 1st period - Wrist shot by Ben Lovejoy.
13:00 of 1st period - Stopped by Tuukka Rask without a rebound.
13:01 of 1st period - Mikko Koivu wins face-off versus Mark Scheifele in Capitals zone.
13:01 of 1st period - Mikko Koivu is hit by Reilly Smith.
13:11 of 1st period - Mikko Koivu is hit by Alex Goligoski and loses puck.
13:52 of 1st period - Snap shot by Ryan Getzlaf.
13:52 of 1st period - Stopped by Philipp Grubauer with a rebound.
13:54 of 1st period - Slapshot by Ryan Suter.
13:54 of 1st period - Shot Misses the Net.
14:08 of 1st period - Patrick Kaleta is hit by Pernell Karl Subban and loses puck.
14:52 of 1st period - Brian McGrattan is hit by Ben Lovejoy.
16:17 of 1st period - Jeff Skinner is hit by Kris Versteeg and loses puck.
16:32 of 1st period - Wrist shot by Roman Josi.
16:32 of 1st period - Stopped by Philipp Grubauer without a rebound.
16:33 of 1st period - Joe Thornton wins face-off versus Jean-Gabriel Pageau in Lightning zone.
16:34 of 1st period - Backhand shot by Thomas Vanek.
16:34 of 1st period - Stopped by Philipp Grubauer with a rebound.
17:18 of 1st period - Slapshot by Mikko Koivu.
17:18 of 1st period - Shot Blocked by Brendan Bell.
17:20 of 1st period - Wrist shot by Mikko Koivu.
17:20 of 1st period - Shot Misses the Net.
17:44 of 1st period - Tyler Johnson is hit by Joe Pavelski and loses puck.
17:55 of 1st period - Patrick Kaleta is hit by Dan Hamhuis and loses puck.
18:02 of 1st period - Wrist shot by Ryan Getzlaf.
18:02 of 1st period - Shot Misses the Net.
18:39 of 1st period - Peter Worrell is hit by Kris Versteeg and loses puck.
19:27 of 1st period - Snap shot by Jeff Skinner.
19:27 of 1st period - Stopped by Philipp Grubauer with a rebound.
19:29 of 1st period - Slapshot by Pernell Karl Subban.
19:29 of 1st period - Stopped by Philipp Grubauer without a rebound.
19:30 of 1st period - Thomas Vanek wins face-off versus Tyler Johnson in Lightning zone.
19:39 of 1st period - Icing by Joni Pitkanen.
19:40 of 1st period - Tyler Johnson wins face-off versus Joe Thornton in Lightning zone.
19:40 of 1st period - Tyler Johnson is hit by Joe Thornton.
Goals for this period are 1 for Lightning vs 0 for Capitals.
Shots for this period are 9 for Lightning vs 10 for Capitals.

2nd period


0:01 of 2nd period - Joe Thornton wins face-off versus Tyler Johnson in neutral zone.
1:11 of 2nd period - Darren Helm is hit by Pernell Karl Subban and loses puck.
1:30 of 2nd period - Wrist shot by Jean-Gabriel Pageau.
1:30 of 2nd period - Shot Misses the Net.
1:32 of 2nd period - Slapshot by Patrick Kaleta.
1:32 of 2nd period - Stopped by Tuukka Rask with a rebound.
2:08 of 2nd period - Snap shot by Mark Scheifele.
2:08 of 2nd period - Stopped by Tuukka Rask without a rebound.
2:09 of 2nd period - Jean-Gabriel Pageau wins face-off versus Brian McGrattan in Capitals zone.
2:12 of 2nd period - Snap shot by Jean-Gabriel Pageau.
2:12 of 2nd period - Shot Blocked by Torey Krug.
2:14 of 2nd period - Snap shot by Daniel Carcillo.
2:14 of 2nd period - Shot Misses the Net.
2:16 of 2nd period - Slapshot by Jon Merrill.
2:16 of 2nd period - Stopped by Tuukka Rask with a rebound.
2:22 of 2nd period - Backhand shot by Jean-Gabriel Pageau.
2:22 of 2nd period - Shot Hit the Post.
2:24 of 2nd period - Slapshot by Brendan Bell.
2:24 of 2nd period - Deflect By Jean-Gabriel Pageau.
2:24 of 2nd period - Shot Misses the Net.
2:24 of 2nd period - Puck is out of play.
2:25 of 2nd period - Tyler Johnson wins face-off versus Joe Thornton in Capitals zone.
2:31 of 2nd period - Torey Krug is hit by Brendan Bell and loses puck.
2:38 of 2nd period - Slapshot by Joe Pavelski.
2:38 of 2nd period - Shot Misses the Net.
2:40 of 2nd period - Slapshot by Torey Krug.
2:40 of 2nd period - Deflect By Joe Thornton.
2:40 of 2nd period - Stopped by Philipp Grubauer with a rebound.
2:50 of 2nd period - Brian McGrattan is hit by Brendan Bell.
3:27 of 2nd period - Roman Josi is hit by Brendan Bell and loses puck.
3:38 of 2nd period - Brendan Bell is hit by Mikko Koivu and loses puck.
4:11 of 2nd period - Wrist shot by Mikko Koivu.
4:11 of 2nd period - Stopped by Philipp Grubauer without a rebound.
4:12 of 2nd period - Joe Pavelski wins face-off versus Tyler Johnson in Lightning zone.
4:19 of 2nd period - Wrist shot by Thomas Vanek.
4:19 of 2nd period - Shot Misses the Net.
4:41 of 2nd period - Wrist shot by Jean-Gabriel Pageau.
4:41 of 2nd period - Shot Misses the Net.
6:54 of 2nd period - Wrist shot by Darren Helm.
6:54 of 2nd period - Shot Blocked by Josh Manson.
6:56 of 2nd period - Slapshot by Brendan Bell.
6:56 of 2nd period - Stopped by Tuukka Rask with a rebound.
7:44 of 2nd period - Brian McGrattan is hit by Patrick Kaleta and loses puck.
7:53 of 2nd period - Daniel Carcillo is hit by Patrick Sharp.
9:53 of 2nd period - Joe Thornton is hit by Patrick Kaleta and loses puck.
10:20 of 2nd period - Jon Merrill is hit by Jeff Skinner and loses puck.
10:50 of 2nd period - Henrik Zetterberg is hit by Dan Hamhuis and loses puck.
10:55 of 2nd period - Snap shot by Ryan Getzlaf.
10:55 of 2nd period - Goal by Ryan Getzlaf - Lightning : 1 - Capitals : 1.
10:56 of 2nd period - Joe Thornton wins face-off versus Tyler Johnson in neutral zone.
11:10 of 2nd period - Snap shot by Tyler Johnson.
11:10 of 2nd period - Shot Blocked by Pernell Karl Subban.
11:12 of 2nd period - Slapshot by Alex Goligoski.
11:12 of 2nd period - Stopped by Tuukka Rask with a rebound.
11:22 of 2nd period - Daniel Carcillo is hit by Brian McGrattan and loses puck.
11:29 of 2nd period - Slapshot by Ryan Getzlaf.
11:29 of 2nd period - Stopped by Philipp Grubauer with a rebound.
11:43 of 2nd period - Wrist shot by T.J. Oshie.
11:43 of 2nd period - Shot Blocked by Alex Goligoski.
11:45 of 2nd period - Wrist shot by Mikko Koivu.
11:45 of 2nd period - Capitals goal is going for a video replay.
11:45 of 2nd period - The goal is good.
11:45 of 2nd period - Goal by Mikko Koivu - Lightning : 1 - Capitals : 2.
11:46 of 2nd period - Joe Thornton wins face-off versus Tyler Johnson in neutral zone.
11:55 of 2nd period - Snap shot by Thomas Vanek.
11:55 of 2nd period - Stopped by Philipp Grubauer with a rebound.
11:57 of 2nd period - Slapshot by Joe Pavelski.
11:57 of 2nd period - Deflect By Kris Versteeg.
11:57 of 2nd period - Shot Blocked by Justin Schultz.
11:57 of 2nd period - Puck is out of play.
11:58 of 2nd period - Kris Versteeg wins face-off versus Joe Thornton in Lightning zone.
12:03 of 2nd period - Snap shot by Kris Versteeg.
12:03 of 2nd period - Shot Misses the Net.
12:23 of 2nd period - Brian McGrattan is hit by Alex Goligoski and loses puck.
12:32 of 2nd period - Slapshot by Torey Krug.
12:32 of 2nd period - Stopped by Philipp Grubauer with a rebound.
12:42 of 2nd period - Slapshot by Alex Goligoski.
12:42 of 2nd period - Deflect By Torey Krug.
12:42 of 2nd period - Stopped by Tuukka Rask without a rebound.
12:43 of 2nd period - Mark Scheifele wins face-off versus Mikko Koivu in Capitals zone.
12:54 of 2nd period - Wrist shot by Mark Scheifele.
12:54 of 2nd period - Stopped by Tuukka Rask without a rebound.
12:55 of 2nd period - Tyler Johnson wins face-off versus Joe Thornton in Capitals zone.
12:58 of 2nd period - Snap shot by Tyler Johnson.
12:58 of 2nd period - Stopped by Tuukka Rask without a rebound.
12:59 of 2nd period - Kris Versteeg wins face-off versus Joe Thornton in Capitals zone.
13:02 of 2nd period - Backhand shot by Kris Versteeg.
13:02 of 2nd period - Shot Misses the Net.
13:35 of 2nd period - Snap shot by Patrick Kaleta.
13:35 of 2nd period - Stopped by Tuukka Rask without a rebound.
13:36 of 2nd period - Joe Thornton wins face-off versus Jean-Gabriel Pageau in Capitals zone.
13:48 of 2nd period - Wrist shot by Patrick Kaleta.
13:48 of 2nd period - Stopped by Tuukka Rask without a rebound.
13:49 of 2nd period - Tyler Johnson wins face-off versus Joe Thornton in Capitals zone.
14:37 of 2nd period - Wrist shot by Mark Scheifele.
14:37 of 2nd period - Shot Misses the Net.
14:39 of 2nd period - Snap shot by Mark Scheifele.
14:39 of 2nd period - Shot Misses the Net.
14:47 of 2nd period - T.J. Oshie is hit by Joni Pitkanen and loses puck.
15:08 of 2nd period - Icing by Kris Versteeg.
15:09 of 2nd period - Tyler Johnson wins face-off versus Joe Thornton in Lightning zone.
15:28 of 2nd period - Snap shot by Tyler Johnson.
15:28 of 2nd period - Shot Misses the Net.
15:30 of 2nd period - Wrist shot by Kris Versteeg.
15:30 of 2nd period - Stopped by Tuukka Rask without a rebound.
15:31 of 2nd period - Jean-Gabriel Pageau wins face-off versus Ryan Getzlaf in Capitals zone.
15:41 of 2nd period - Daniel Carcillo is hit by Ryan Getzlaf and loses puck.
15:56 of 2nd period - Brent Burns is hit by Reilly Smith and loses puck.
16:43 of 2nd period - Off-side.
16:44 of 2nd period - Ryan Getzlaf wins face-off versus Jean-Gabriel Pageau in neutral zone.
16:46 of 2nd period - Off-side.
16:47 of 2nd period - Joe Thornton wins face-off versus Tyler Johnson in neutral zone.
17:15 of 2nd period - Icing by Ben Lovejoy.
17:16 of 2nd period - Ryan Getzlaf wins face-off versus Daniel Carcillo in Lightning zone.
17:29 of 2nd period - Wrist shot by Patrick Sharp.
17:29 of 2nd period - Stopped by Philipp Grubauer without a rebound.
17:30 of 2nd period - Joe Thornton wins face-off versus Tyler Johnson in Lightning zone.
17:38 of 2nd period - Slapshot by Joni Pitkanen.
17:38 of 2nd period - Shot Misses the Net.
17:40 of 2nd period - Slapshot by Alex Goligoski.
17:40 of 2nd period - Stopped by Tuukka Rask with a rebound.
17:42 of 2nd period - Slapshot by Alex Goligoski.
17:42 of 2nd period - Deflect By Henrik Zetterberg.
17:42 of 2nd period - Stopped by Tuukka Rask without a rebound.
17:43 of 2nd period - Henrik Zetterberg wins face-off versus Joe Thornton in Capitals zone.
17:46 of 2nd period - Snap shot by Tyler Johnson.
17:46 of 2nd period - Shot Misses the Net.
17:48 of 2nd period - Slapshot by Alex Goligoski.
17:48 of 2nd period - Stopped by Tuukka Rask with a rebound.
18:44 of 2nd period - Snap shot by Tyler Johnson.
18:44 of 2nd period - Shot Blocked by Torey Krug.
18:52 of 2nd period - Snap shot by Kris Versteeg.
18:52 of 2nd period - Shot Misses the Net.
18:54 of 2nd period - Slapshot by Tyler Johnson.
18:54 of 2nd period - Stopped by Tuukka Rask with a rebound.
18:56 of 2nd period - Slapshot by Henrik Zetterberg.
18:56 of 2nd period - Shot Misses the Net.
18:58 of 2nd period - Wrist shot by Tyler Johnson.
18:58 of 2nd period - Shot Misses the Net.
19:00 of 2nd period - Snap shot by Kris Versteeg.
19:00 of 2nd period - Shot Blocked by Ryan Getzlaf.
19:18 of 2nd period - Snap shot by Henrik Zetterberg.
19:18 of 2nd period - Shot Misses the Net.
19:20 of 2nd period - Wrist shot by Kris Versteeg.
19:20 of 2nd period - Shot Blocked by Dan Hamhuis.
19:22 of 2nd period - Snap shot by Henrik Zetterberg.
19:22 of 2nd period - Shot Misses the Net.
19:24 of 2nd period - Snap shot by Joni Pitkanen.
19:24 of 2nd period - Deflect By Tyler Johnson.
19:24 of 2nd period - Stopped by Tuukka Rask with a rebound.
19:26 of 2nd period - Slapshot by Joni Pitkanen.
19:26 of 2nd period - Stopped by Tuukka Rask with a rebound.
19:28 of 2nd period - Slapshot by Joni Pitkanen.
19:28 of 2nd period - Shot Blocked by Torey Krug.
19:30 of 2nd period - Snap shot by Kris Versteeg.
19:30 of 2nd period - Shot Hit the Post.
19:32 of 2nd period - Slapshot by Alex Goligoski.
19:32 of 2nd period - Shot Blocked by Ryan Getzlaf.
19:34 of 2nd period - Snap shot by Kris Versteeg.
19:34 of 2nd period - Shot Misses the Net.
19:44 of 2nd period - Wrist shot by Kris Versteeg.
19:44 of 2nd period - Shot Blocked by Dan Hamhuis.
19:46 of 2nd period - Slapshot by Joni Pitkanen.
19:46 of 2nd period - Deflect By Henrik Zetterberg.
19:46 of 2nd period - Shot Misses the Net.
19:46 of 2nd period - Puck is out of play.
19:47 of 2nd period - Jean-Gabriel Pageau wins face-off versus Joe Thornton in Capitals zone.
19:50 of 2nd period - Snap shot by Daniel Carcillo.
19:50 of 2nd period - Shot Misses the Net.
19:52 of 2nd period - Slapshot by Daniel Carcillo.
19:52 of 2nd period - Deflect By Joe Pavelski.
19:52 of 2nd period - Stopped by Tuukka Rask with a rebound.
19:54 of 2nd period - Slapshot by Ben Lovejoy.
19:54 of 2nd period - Stopped by Tuukka Rask without a rebound.
19:55 of 2nd period - Jean-Gabriel Pageau wins face-off versus Joe Thornton in Capitals zone.
Goals for this period are 0 for Lightning vs 2 for Capitals.
Shots for this period are 19 for Lightning vs 8 for Capitals.

3rd period


0:01 of 3rd period - Joe Thornton wins face-off versus Tyler Johnson in neutral zone.
0:01 of 3rd period - Joe Thornton is hit by Henrik Zetterberg.
0:13 of 3rd period - Slapshot by Joe Thornton.
0:13 of 3rd period - Stopped by Philipp Grubauer without a rebound.
0:14 of 3rd period - Tyler Johnson wins face-off versus Thomas Vanek in Lightning zone.
0:14 of 3rd period - Tyler Johnson is hit by Pernell Karl Subban.
0:17 of 3rd period - Minor Penalty to Joni Pitkanen for Hooking.
0:18 of 3rd period - Joe Thornton wins face-off versus Kris Versteeg in Lightning zone.
0:18 of 3rd period - Wrist shot by Thomas Vanek.
0:18 of 3rd period - Shot Blocked by Brendan Bell.
0:20 of 3rd period - Slapshot by Brent Burns.
0:20 of 3rd period - Stopped by Philipp Grubauer with a rebound.
0:22 of 3rd period - Slapshot by Brent Burns.
0:22 of 3rd period - Stopped by Philipp Grubauer with a rebound.
0:24 of 3rd period - Slapshot by Brent Burns.
0:24 of 3rd period - Goal by Brent Burns - Lightning : 1 - Capitals : 3.
0:25 of 3rd period - Kris Versteeg wins face-off versus Joe Thornton in neutral zone.
0:34 of 3rd period - Wrist shot by Thomas Vanek.
0:34 of 3rd period - Stopped by Philipp Grubauer without a rebound.
0:35 of 3rd period - Joe Thornton wins face-off versus Tyler Johnson in Lightning zone.
0:56 of 3rd period - Snap shot by Joe Pavelski.
0:56 of 3rd period - Shot Misses the Net.
1:06 of 3rd period - Wrist shot by Joe Thornton.
1:06 of 3rd period - Shot Misses the Net.
1:08 of 3rd period - Snap shot by Joe Thornton.
1:08 of 3rd period - Shot Blocked by Joni Pitkanen.
1:10 of 3rd period - Wrist shot by Joe Thornton.
1:10 of 3rd period - Stopped by Philipp Grubauer with a rebound.
1:12 of 3rd period - Slapshot by Pernell Karl Subban.
1:12 of 3rd period - Shot Blocked by Tyler Johnson.
1:14 of 3rd period - Wrist shot by Joe Thornton.
1:14 of 3rd period - Stopped by Philipp Grubauer without a rebound.
1:15 of 3rd period - Jean-Gabriel Pageau wins face-off versus Ryan Getzlaf in Lightning zone.
1:15 of 3rd period - Jean-Gabriel Pageau is hit by Brian McGrattan.
1:41 of 3rd period - T.J. Oshie is hit by Reilly Smith and loses puck.
1:52 of 3rd period - Snap shot by Mark Scheifele.
1:52 of 3rd period - Shot Misses the Net.
2:01 of 3rd period - Icing by Peter Worrell.
2:02 of 3rd period - Kris Versteeg wins face-off versus Jeff Skinner in Capitals zone.
3:12 of 3rd period - Wrist shot by T.J. Oshie.
3:12 of 3rd period - Shot Misses the Net.
3:50 of 3rd period - Thomas Vanek is hit by Ben Lovejoy and loses puck.
4:12 of 3rd period - Icing by Torey Krug.
4:13 of 3rd period - Tyler Johnson wins face-off versus Ryan Getzlaf in Capitals zone.
4:18 of 3rd period - Snap shot by Kris Versteeg.
4:18 of 3rd period - Deflect By Henrik Zetterberg.
4:18 of 3rd period - Deflect By Dan Hamhuis.
4:18 of 3rd period - Shot Misses the Net.
4:18 of 3rd period - Puck is out of play.
4:19 of 3rd period - Joe Thornton wins face-off versus Jean-Gabriel Pageau in Capitals zone.
4:28 of 3rd period - Snap shot by Patrick Kaleta.
4:28 of 3rd period - Shot Misses the Net.
4:44 of 3rd period - Snap shot by Tyler Johnson.
4:44 of 3rd period - Stopped by Tuukka Rask without a rebound.
4:45 of 3rd period - Tyler Johnson wins face-off versus Ryan Getzlaf in Capitals zone.
4:48 of 3rd period - Backhand shot by Kris Versteeg.
4:48 of 3rd period - Stopped by Tuukka Rask with a rebound.
5:38 of 3rd period - Snap shot by Henrik Zetterberg.
5:38 of 3rd period - Stopped by Tuukka Rask without a rebound.
5:39 of 3rd period - Joe Thornton wins face-off versus Jean-Gabriel Pageau in Capitals zone.
6:13 of 3rd period - Backhand shot by T.J. Oshie.
6:13 of 3rd period - Shot Misses the Net.
6:15 of 3rd period - Slapshot by Ryan Suter.
6:15 of 3rd period - Shot Blocked by Jaden Schwartz.
6:29 of 3rd period - Torey Krug is hit by Joni Pitkanen and loses puck.
6:58 of 3rd period - Slapshot by Mikko Koivu.
6:58 of 3rd period - Deflect By T.J. Oshie.
6:58 of 3rd period - Stopped by Philipp Grubauer without a rebound.
6:59 of 3rd period - Mikko Koivu wins face-off versus Mark Scheifele in Lightning zone.
7:10 of 3rd period - Wrist shot by Mikko Koivu.
7:10 of 3rd period - Deflect By T.J. Oshie.
7:10 of 3rd period - Shot Misses the Net.
7:10 of 3rd period - Puck is out of play.
7:11 of 3rd period - Joe Pavelski wins face-off versus Tyler Johnson in Lightning zone.
7:57 of 3rd period - Snap shot by Peter Worrell.
7:57 of 3rd period - Shot Misses the Net.
8:05 of 3rd period - Peter Worrell is hit by Daniel Carcillo and loses puck.
8:14 of 3rd period - Patrick Kaleta is hit by T.J. Oshie and loses puck.
8:37 of 3rd period - Snap shot by Kris Versteeg.
8:37 of 3rd period - Stopped by Tuukka Rask without a rebound.
8:38 of 3rd period - Mark Scheifele wins face-off versus Ryan Getzlaf in Capitals zone.
8:48 of 3rd period - Minor Penalty to Jaden Schwartz for Tripping.
8:49 of 3rd period - Kris Versteeg wins face-off versus Joe Thornton in Lightning zone.
10:25 of 3rd period - Jean-Gabriel Pageau is hit by Brian McGrattan and loses puck.
10:48 of 3rd period - Penalty to Jaden Schwartz is over, Jaden Schwartz is back on ice.
11:02 of 3rd period - Ben Lovejoy is hit by T.J. Oshie and loses puck.
11:34 of 3rd period - Icing by Pernell Karl Subban.
11:35 of 3rd period - Mark Scheifele wins face-off versus Jeff Skinner in Capitals zone.
12:29 of 3rd period - Snap shot by Mark Scheifele.
12:29 of 3rd period - Shot Misses the Net.
12:31 of 3rd period - Slapshot by Reilly Smith.
12:31 of 3rd period - Shot Misses the Net.
12:53 of 3rd period - Wrist shot by Mikko Koivu.
12:53 of 3rd period - Stopped by Philipp Grubauer without a rebound.
12:54 of 3rd period - Mikko Koivu wins face-off versus Jean-Gabriel Pageau in Lightning zone.
13:19 of 3rd period - Thomas Vanek is hit by Jaden Schwartz and loses puck.
14:52 of 3rd period - Snap shot by T.J. Oshie.
14:52 of 3rd period - Shot Blocked by Alex Goligoski.
14:54 of 3rd period - Snap shot by Mikko Koivu.
14:54 of 3rd period - Stopped by Philipp Grubauer without a rebound.
14:55 of 3rd period - Ryan Getzlaf wins face-off versus Jaden Schwartz in Lightning zone.
16:24 of 3rd period - Snap shot by Jaden Schwartz.
16:24 of 3rd period - Stopped by Tuukka Rask without a rebound.
16:25 of 3rd period - Peter Worrell wins face-off versus Tyler Johnson in Capitals zone.
16:40 of 3rd period - Slapshot by Kris Versteeg.
16:40 of 3rd period - Stopped by Tuukka Rask with a rebound.
16:42 of 3rd period - Slapshot by Joni Pitkanen.
16:42 of 3rd period - Shot Blocked by Roman Josi.
16:57 of 3rd period - Backhand shot by Thomas Vanek.
16:57 of 3rd period - Goal by Thomas Vanek - Lightning : 1 - Capitals : 4.
16:58 of 3rd period - Tyler Johnson wins face-off versus Joe Thornton in neutral zone.
17:09 of 3rd period - Wrist shot by Henrik Zetterberg.
17:09 of 3rd period - Shot Misses the Net.
17:11 of 3rd period - Snap shot by Kris Versteeg.
17:11 of 3rd period - Goal by Kris Versteeg - Lightning : 2 - Capitals : 4.
17:12 of 3rd period - Joe Thornton wins face-off versus Kris Versteeg in neutral zone.
17:25 of 3rd period - Wrist shot by Thomas Vanek.
17:25 of 3rd period - Shot Misses the Net.
17:27 of 3rd period - Slapshot by Brent Burns.
17:27 of 3rd period - Shot Blocked by Scottie Upshall.
19:24 of 3rd period - Wrist shot by Mikko Koivu.
19:24 of 3rd period - Shot Misses the Net.
19:47 of 3rd period - Mikko Koivu is hit by Kris Versteeg.
Goals for this period are 1 for Lightning vs 2 for Capitals.
Shots for this period are 7 for Lightning vs 11 for Capitals.